AoeStats
← meditator27

Yucatan

503106967Analyzed
4v4 RM · 1mo ago on Aug 30, 2026· 28m 13s· 8 players
Game mode
Random Map
Map size
Large (8 player)
Population
200
Speed
Normal
Resources
Standard
Victory
Conquest
Starting age
Dark Age
Ending age
Imperial Age
RankedLock teamsTeams togetherTeam positionsShared explorationLock speedFull tech treeHidden civsTurbo modeCheats
Victory
Defeat
🇹🇷 Mongols · Türkiye
1296
+14
🇺🇸 Burmese · United States
1284
+14
🇫🇷 Celts · France
1191
+18
🇸🇪 Mapuche · Sweden
1174
+19
🇩🇪 Byzantines · Germany
1267
-17
🇹🇼 Mongols · Taiwan
1252
-17
🇹🇼 Maya · Taiwan
1238
-16
🇨🇳 Celts · China
1223
-15
DeeperDeeper
7:18 Loom
9:56 Feudal Age
13:42 Bloodlines
14:51 Forging
14:47 Scale Barding Armor
14:25 Horse Collar
14:31 Double-Bit Axe
16:16 Wheelbarrow
20:49 Town Watch
24:57 Castle Age
26:04 Bow Saw
25:20 Light Cavalry
27:43 Chain Barding Armor
meditator27
0:27 Loom
9:04 Feudal Age
10:07 Double-Bit Axe
12:52 Fletching
21:01 Castle Age
20:26 Padded Archer Armor
21:29 Gold Mining
21:13 Crossbowman
22:13 Bodkin Arrow
25:56 Bow Saw
27:49 Stone Mining
Marneus
11:29 Feudal Age
9:44 Loom
19:00 Castle Age
16:51 Double-Bit Axe
17:47 Fletching
21:22 Bodkin Arrow
28:08 Wheelbarrow
野象
4:38 Loom
10:22 Feudal Age
10:51 Double-Bit Axe
17:53 Castle Age
16:02 Horse Collar
19:51 Bow Saw
19:45 Heavy Plow
26:01 Pikeman
26:14 Pikeman
El Senador
7:42 Loom
10:01 Feudal Age
15:21 Castle Age
15:42 Stone Mining
16:48 Wheelbarrow
19:53 Gold Mining
24:25 Padded Archer Armor
26:11 Horse Collar
Vivine61
9:20 Loom
12:55 Feudal Age
19:07 Castle Age
25:30 Double-Bit Axe
25:42 Horse Collar
28:45 Wheelbarrow
bitwise
10:09 Loom
11:54 Feudal Age
13:05 Champi Runner
14:40 Double-Bit Axe
17:25 Fletching
17:36 Padded Archer Armor
17:37 Scale Mail Armor
21:16 Horse Collar
25:01 Castle Age
24:52 Forging
24:59 Gold Mining
25:05 Elite Skirmisher
25:14 Champi Warrior
26:06 Bow Saw
26:08 Heavy Plow
27:58 Pikeman
SEFA
5:26 Loom
8:02 Feudal Age
8:28 Double-Bit Axe
12:06 Horse Collar
23:26 Castle Age
21:55 Scale Barding Armor
22:01 Bloodlines
23:10 Forging
25:35 Iron Casting
25:07 Gold Mining
25:37 Light Cavalry
26:18 Husbandry
Connection lost

Rejoining the realm…

Still unreachable

The connection could not be restored.

Session expired

The server has moved on; the page needs a fresh start.